[Event "ICC tourney 2264 (75 10)"]
[Site "Internet Chess Club"]
[Date "2021.01.02"]
[Round "1"]
[White "NickManley1987"]
[Black "Beast908"]
[Result "1-0"]
[ICCResult "Black resigns"]
[WhiteElo "1543"]
[BlackElo "1367"]
[Opening "Giuoco Piano"]
[ECO "C54"]
[NIC "IG.02"]
[Time "11:01:50"]
[PlyCount "40"]
[TimeControl "4500+10"]

1. e4 e5 2. Nf3 Nc6 3. Bc4 Bc5 4. c3 Nf6 5. d4 exd4 6. cxd4 Bb4+ 7. Bd2
Bxd2+ 8. Nbxd2 d5 9. exd5 Nxd5 10. O-O O-O 11. Re1 Nf6 12. Qa4 Nxd4 13.
Nxd4 Bd7 14. Qb3 Re8 15. N2f3 Rxe1+ 16. Rxe1 Qf8 17. Ne5 Be8 18. Qxb7 Rd8
19. Ndf3 Qc5 20. b4 Qd6 { Black resigns } 1-0

[Event "ICC tourney 2264 (75 10)"]
[Site "Internet Chess Club"]
[Date "2021.01.02"]
[Round "1"]
[White "AndreiKo007"]
[Black "Il123"]
[Result "1-0"]
[ICCResult "Black resigns"]
[WhiteElo "1695"]
[BlackElo "1461"]
[Opening "Scandinavian (center counter) defense"]
[ECO "B01"]
[NIC "SD.01"]
[Time "11:02:07"]
[PlyCount "62"]
[TimeControl "4500+10"]

1. e4 d5 2. exd5 Qxd5 3. Nc3 Qa5 4. d4 c6 5. Nf3 Nf6 6. Bd2 Qc7 7. Bc4 Bg4
8. h3 Bh5 9. Qe2 e6 10. O-O-O Nbd7 11. g4 Bg6 12. Ne5 O-O-O 13. Bf4 Bd6 14.
h4 h5 15. g5 Nd5 16. Bxd5 exd5 17. Nxg6 Bxf4+ 18. Nxf4 Qxf4+ 19. Qe3 Qxe3+
20. fxe3 Rde8 21. Kd2 f6 22. Rdf1 Re6 23. Rhg1 Rg8 24. Ne2 Rge8 25. Rf3 Re4
26. Rh1 Rg4 27. Rg3 Rxg3 28. Nxg3 g6 29. Ne2 fxg5 30. hxg5 Rh8 31. Nf4 Nf8
{ Black resigns } 1-0

[Event "ICC tourney 2264 (75 10)"]
[Site "Internet Chess Club"]
[Date "2021.01.02"]
[Round "1"]
[White "Dhruti813kob36"]
[Black "andrewj508"]
[Result "1-0"]
[ICCResult "Black resigns"]
[WhiteElo "1487"]
[BlackElo "1256"]
[Opening "French: Winawer (Nimzovich) variation"]
[ECO "C15"]
[NIC "FR.08"]
[Time "11:01:54"]
[PlyCount "59"]
[TimeControl "4500+10"]

1. e4 e6 2. d4 d5 3. Nc3 Bb4 4. Bd3 c5 5. dxc5 Bxc5 6. exd5 exd5 7. Nxd5
Nf6 8. Nxf6+ Qxf6 9. Nf3 O-O 10. O-O Bg4 11. Be3 Bxe3 12. fxe3 Qxb2 13.
Bxh7+ Kh8 14. Bd3 Qb6 15. Qe1 Qh6 16. Ne5 Bh5 17. g4 Qe6 18. Qg3 Re8 19.
Rf5 Bg6 20. Nxg6+ fxg6 21. Qh3+ Kg8 22. Rf4 Qxe3+ 23. Qxe3 Rxe3 24. Bc4+
Kh7 25. g5 Rh3 26. Rf8 Rh5 27. Bg8+ Kh8 28. Bd5+ Kh7 29. Bxb7 Rxg5+ 30. Kh1
{ Black resigns } 1-0

[Event "ICC tourney 2264 (75 10)"]
[Site "Internet Chess Club"]
[Date "2021.01.02"]
[Round "1"]
[White "Jeffchess"]
[Black "lwaharte"]
[Result "1/2-1/2"]
[ICCResult "Black stalemated"]
[WhiteElo "1209"]
[BlackElo "1473"]
[Opening "Four knights: Italian variation"]
[ECO "C55"]
[NIC "IG.01"]
[Time "11:01:54"]
[PlyCount "147"]
[TimeControl "4500+10"]

1. e4 e5 2. Nf3 Nc6 3. Bc4 Nf6 4. Nc3 Be7 5. O-O d6 6. Re1 Bg4 7. d3 Nd4 8.
Re3 Nxf3+ 9. Rxf3 Bxf3 10. Qxf3 c6 11. Qg3 Rg8 12. Qh3 Qd7 13. Qe3 d5 14.
exd5 cxd5 15. Bb5 d4 16. Bxd7+ Nxd7 17. Qf3 dxc3 18. bxc3 O-O-O 19. Rb1 Nb6
20. Qxf7 Rde8 21. Be3 Bd8 22. Qf5+ Kb8 23. Qxh7 Bc7 24. g3 g6 25. a4 Nd5
26. c4 Nxe3 27. fxe3 Bb6 28. c5 Bc7 29. a5 Rh8 30. Qf7 Ref8 31. Qd5 b6 32.
a6 Kc8 33. c6 Rd8 34. Qe6+ Kb8 35. Qxg6 Rd6 36. Qe4 Rf8 37. c4 Rdf6 38. c5
Rf2 39. cxb6 axb6 40. a7+ Ka8 41. Qh7 R8f7 42. Qh3 Rf8 43. Qd7 R2f7 44. Rc1
Rxd7 45. cxd7 Kb7 46. Ra1 Ra8 47. h4 Bd8 48. h5 Kc7 49. h6 Kxd7 50. Rf1 Ke6
51. Rf8 Rxa7 52. Rxd8 Rh7 53. Rb8 Kf5 54. Rxb6 Kg4 55. Kg2 Ra7 56. Rg6+ Kh5
57. Re6 Rf7 58. Rxe5+ Kxh6 59. d4 Kg6 60. g4 Ra7 61. g5 Ra2+ 62. Kf3 Ra6
63. Ke4 Rd6 64. d5 Rd7 65. Kd4 Rc7 66. d6 Rd7 67. Kd5 Kf7 68. Re6 Rd8 69.
g6+ Kg8 70. Kc6 Rc8+ 71. Kd7 Ra8 72. Re8+ Rxe8 73. Kxe8 Kh8 74. Kf7 { Black
stalemated } 1/2-1/2

[Event "ICC tourney 2264 (75 10)"]
[Site "Internet Chess Club"]
[Date "2021.01.02"]
[Round "1"]
[White "ChessHawk8"]
[Black "jjplaman"]
[Result "1-0"]
[ICCResult "Black checkmated"]
[WhiteElo "1536"]
[BlackElo "1325"]
[Opening "Caro-Kann: advance variation"]
[ECO "B12"]
[NIC "CK.04"]
[Time "11:01:59"]
[PlyCount "55"]
[TimeControl "4500+10"]

1. e4 c6 2. d4 d5 3. e5 Bf5 4. Nf3 e6 5. Bd3 Bxd3 6. Qxd3 c5 7. dxc5 Bxc5
8. Qb5+ Nd7 9. Qxb7 Ne7 10. Qb3 Nf5 11. O-O Nd4 12. Qd3 Nxf3+ 13. Qxf3 Nxe5
14. Qc3 Nd7 15. Qxg7 Rf8 16. Qxh7 Qf6 17. Qh6 Qe5 18. Qf4 Qg7 19. Qg5 Qh8
20. Nc3 Rg8 21. Qh6 Qe5 22. Qf4 Qg7 23. g3 Ke7 24. Re1 Bd6 25. Nxd5+ Kd8
26. Qxd6 exd5 27. Bf4 Rc8 28. Qe7# { Black checkmated } 1-0

[Event "ICC tourney 2264 (75 10)"]
[Site "Internet Chess Club"]
[Date "2021.01.02"]
[Round "1"]
[White "nextelitekid"]
[Black "Fredzhang"]
[Result "0-1"]
[ICCResult "White resigns"]
[WhiteElo "1561"]
[BlackElo "1403"]
[Opening "Sicilian"]
[ECO "B56"]
[NIC "SI.25"]
[Time "11:02:00"]
[PlyCount "96"]
[TimeControl "4500+10"]

1. e4 c5 2. Nf3 d6 3. d4 cxd4 4. Nxd4 Nf6 5. Nc3 Nc6 6. Be3 e5 7. Nf3 Be6
8. Bd3 Be7 9. h3 O-O 10. Qd2 d5 11. exd5 Nxd5 12. Nxd5 Bxd5 13. O-O-O e4
14. Bb5 exf3 15. Qxd5 Qxd5 16. Rxd5 fxg2 17. Rg1 Nb4 18. Rd7 Rfe8 19. Rxb7
Rab8 20. Bxe8 Rxb7 21. a3 Na2+ 22. Kb1 Nc3+ 23. Ka1 Bf6 24. Rxg2 Nd5 25. c3
Nxe3 26. fxe3 Re7 27. Ba4 Rxe3 28. Bd7 h6 29. Rc2 Kf8 30. c4 Rxa3+ 31. Kb1
Rd3 32. Bf5 Rf3 33. Bg4 Rf1+ 34. Ka2 Ke7 35. c5 Be5 36. c6 Bc7 37. Bd7 Kd6
38. Rc3 f5 39. Rd3+ Kc5 40. Be8 Re1 41. Rc3+ Kd4 42. Bg6 f4 43. Rd3+ Kc5
44. Rc3+ Kb6 45. Kb3 Re3 46. Rxe3 fxe3 47. Kc2 Bf4 48. Be4 e2 { White
resigns } 0-1

[Event "ICC tourney 2264 (75 10)"]
[Site "Internet Chess Club"]
[Date "2021.01.02"]
[Round "1"]
[White "tundrarules"]
[Black "magicpup"]
[Result "1-0"]
[ICCResult "Black checkmated"]
[WhiteElo "1325"]
[BlackElo "1523"]
[Opening "Hungarian defense"]
[ECO "C50"]
[NIC "IG.03"]
[Time "11:01:59"]
[PlyCount "55"]
[TimeControl "4500+10"]

1. e4 e5 2. Nf3 Nc6 3. Bc4 Be7 4. Nc3 Nf6 5. d4 exd4 6. Nxd4 d6 7. Bf4 O-O
8. O-O Bg4 9. f3 Bd7 10. Nxc6 Bxc6 11. Qd4 Qd7 12. Rfe1 a6 13. Rad1 Rad8
14. a3 Rfe8 15. Be3 h6 16. Qd2 Qc8 17. Bxh6 gxh6 18. Qxh6 d5 19. exd5 Bd7
20. Rxe7 Rxe7 21. Qxf6 Rf8 22. Qxe7 Re8 23. Qg5+ Kf8 24. d6 cxd6 25. Qh6+
Ke7 26. Nd5+ Kd8 27. Qf6+ Re7 28. Qxe7# { Black checkmated } 1-0

[Event "ICC tourney 2264 (75 10)"]
[Site "Internet Chess Club"]
[Date "2021.01.02"]
[Round "1"]
[White "Hamlett144"]
[Black "aakashjr"]
[Result "1-0"]
[ICCResult "Black resigns"]
[WhiteElo "1452"]
[BlackElo "1642"]
[Opening "Scandinavian defense"]
[ECO "B01"]
[NIC "SD.03"]
[Time "11:02:04"]
[PlyCount "113"]
[TimeControl "4500+10"]

1. e4 d5 2. exd5 Nf6 3. Nc3 Nxd5 4. Nf3 Bg4 5. Be2 Nc6 6. h3 Bh5 7. d3 e6
8. O-O Bc5 9. Ne4 Bb6 10. Ng3 Bg6 11. c3 O-O 12. d4 Re8 13. Bb5 a6 14. Bxc6
bxc6 15. Ne5 Ne7 16. Nxg6 Nxg6 17. Ne4 e5 18. Nc5 Bxc5 19. dxc5 Qe7 20. Re1
Rad8 21. Qa4 Qxc5 22. Qxa6 Nh4 23. Be3 Qd5 24. Qf1 Rd6 25. Red1 Qe6 26. Bc5
Rd5 27. b4 Red8 28. a4 Qg6 29. Rxd5 cxd5 30. a5 Nf3+ 31. Kh1 Nd2 32. Qb5
Nb3 33. Re1 Nxc5 34. Qxc5 Re8 35. Qxd5 Qc2 36. Qf3 Qa4 37. Qd3 Qc6 38. b5
Qa8 39. a6 e4 40. Qc4 Qa7 41. Rxe4 Rd8 42. Rd4 Re8 43. Rf4 Rf8 44. Qd4 Ra8
45. Qxa7 Rxa7 46. c4 Kf8 47. Re4 f6 48. Kg1 Kf7 49. Kf1 Kg6 50. Ke2 f5 51.
Re8 Kf7 52. Rb8 Ke7 53. Rb7 Ra8 54. Rxc7+ Kf6 55. a7 Ke6 56. b6 Kd6 57. c5+
{ Black resigns } 1-0

[Event "ICC tourney 2264 (75 10)"]
[Site "Internet Chess Club"]
[Date "2021.01.02"]
[Round "1"]
[White "trucker"]
[Black "solveur"]
[Result "0-1"]
[ICCResult "White resigns"]
[WhiteElo "1642"]
[BlackElo "1435"]
[Opening "Ruy Lopez: 5.O-O"]
[ECO "C78"]
[NIC "RL.12"]
[Time "11:02:20"]
[PlyCount "122"]
[TimeControl "4500+10"]

1. e4 e5 2. Nf3 Nc6 3. Bb5 a6 4. Ba4 Nf6 5. O-O b5 6. Bb3 Bc5 7. c3 Nxe4 8.
d4 exd4 9. Re1 d5 10. Nxd4 Bxd4 11. cxd4 O-O 12. Nc3 Nxc3 13. bxc3 Be6 14.
Bf4 h6 15. a4 Qd7 16. Qd3 Ne7 17. Bc2 Ng6 18. h4 Bf5 19. Qxf5 Qxf5 20. Bxf5
Nxf4 21. Re7 g6 22. Bc2 c6 23. Rae1 Rfc8 24. g3 Nh5 25. Bd1 Nf6 26. f3 Re8
27. Kf2 Kf8 28. Rc7 Rxe1 29. Kxe1 Nh5 30. g4 Nf4 31. Kd2 Ne6 32. Rxc6 Ke7
33. Rb6 Nc7 34. Ke3 bxa4 35. Bxa4 Ne6 36. Bc6 Rc8 37. Rxa6 Nd8 38. Bxd5
Rxc3+ 39. Ke4 Rc1 40. Ke5 f6+ 41. Rxf6 Re1+ 42. Be4 Nf7+ 43. Rxf7+ Kxf7 44.
Kd6 Rh1 45. d5 Rxh4 46. Kc7 Rh1 47. d6 Rc1+ 48. Bc6 Rd1 49. Be4 h5 50. gxh5
gxh5 51. Bf5 Rc1+ 52. Kd8 Kf6 53. Bh3 Rd1 54. d7 Kf7 55. f4 h4 56. f5 Rd3
57. Kc8 Rc3+ 58. Kd8 Rxh3 59. Kc7 Rd3 60. d8=Q Rxd8 61. Kxd8 h3 { White
resigns } 0-1

[Event "ICC tourney 2264 (75 10)"]
[Site "Internet Chess Club"]
[Date "2021.01.02"]
[Round "1"]
[White "twrchess"]
[Black "yogokings12"]
[Result "0-1"]
[ICCResult "White checkmated"]
[WhiteElo "1411"]
[BlackElo "1573"]
[Opening "Grünfeld: modern exchange variation"]
[ECO "A16"]
[NIC "EO.52"]
[Time "11:02:40"]
[PlyCount "84"]
[TimeControl "4500+10"]

1. c4 Nf6 2. Nc3 d5 3. cxd5 Nxd5 4. Nf3 g6 5. d4 Bg7 6. e4 Nxc3 7. bxc3 c5
8. Be3 Nc6 9. Be2 O-O 10. O-O Bg4 11. Qc2 Bxf3 12. Bxf3 cxd4 13. cxd4 Nxd4
14. Bxd4 Bxd4 15. Rfd1 e5 16. Rab1 b6 17. Rb5 Qd7 18. Qe2 Qe7 19. Bg4 Rfd8
20. Kh1 a6 21. Rb3 Bc5 22. Rf1 Rd4 23. g3 a5 24. f4 Re8 25. f5 Qg5 26. fxg6
hxg6 27. Qf3 Rf8 28. h4 Qe7 29. h5 Kg7 30. Rb2 Rh8 31. Rh2 Rd6 32. hxg6
Rxh2+ 33. Kxh2 fxg6 34. Kg2 Rd2+ 35. Kh3 Kg8 36. Qb3+ Kh8 37. Rf7 Qg5 38.
Rh7+ Kxh7 39. Qf7+ Kh8 40. Qe8+ Kg7 41. Be6 Qh6+ 42. Kg4 Qh5# { White
checkmated } 0-1

[Event "ICC tourney 2264 (75 10)"]
[Site "Internet Chess Club"]
[Date "2021.01.02"]
[Round "1"]
[White "GPWKnight"]
[Black "MasterIVGM20"]
[Result "1/2-1/2"]
[ICCResult "Game drawn by mutual agreement"]
[WhiteElo "1471"]
[BlackElo "1184"]
[Opening "Ruy Lopez: exchange variation, 5.O-O"]
[ECO "C68"]
[NIC "RL.08"]
[Time "11:02:05"]
[PlyCount "68"]
[TimeControl "4500+10"]

1. e4 e5 2. Nf3 Nc6 3. Bb5 a6 4. Bxc6 dxc6 5. O-O Bd6 6. h3 Nf6 7. d3 h6 8.
Be3 c5 9. Nc3 Be6 10. b3 O-O 11. Ne2 b6 12. Ng3 Qd7 13. Nh2 c6 14. Nh5 Nxh5
15. Qxh5 f5 16. Rad1 f4 17. Bc1 Kh7 18. Nf3 g6 19. Ng5+ Kg7 20. Nxe6+ Qxe6
21. Qf3 Be7 22. Bb2 Rad8 23. Qg4 Qf6 24. Qf3 Bd6 25. g3 fxg3 26. Qxf6+ Rxf6
27. fxg3 Rdf8 28. Rxf6 Rxf6 29. Rf1 Rxf1+ 30. Kxf1 Kf6 31. Kf2 g5 32. Kf3
h5 33. g4 h4 34. Ke3 Ke6 { Game drawn by mutual agreement } 1/2-1/2

[Event "ICC tourney 2264 (75 10)"]
[Site "Internet Chess Club"]
[Date "2021.01.02"]
[Round "1"]
[White "cayo89"]
[Black "handsomematch"]
[Result "0-1"]
[ICCResult "White resigns"]
[WhiteElo "1521"]
[BlackElo "1303"]
[Opening "Queen's pawn game"]
[ECO "D00"]
[NIC "QP.07"]
[Time "11:02:46"]
[PlyCount "44"]
[TimeControl "4500+10"]

1. d4 Nf6 2. Nc3 d5 3. Bf4 g6 4. e3 Bg7 5. h4 O-O 6. h5 Nxh5 7. Rxh5 gxh5
8. Qxh5 e6 9. Bd3 f5 10. Nf3 Qf6 11. Bxc7 Nc6 12. a3 Bd7 13. O-O-O Rfc8 14.
Bf4 a6 15. Na4 Na5 16. Nb6 Be8 17. Qh2 e5 18. Nxd5 Qe6 19. Bxf5 Qxd5 20.
Qxh7+ Kf8 21. Nxe5 Qa2 22. Nc4 Nxc4 { White resigns } 0-1

[Event "ICC tourney 2264 (75 10)"]
[Site "Internet Chess Club"]
[Date "2021.01.02"]
[Round "1"]
[White "KingRayfish"]
[Black "MikeWMason"]
[Result "0-1"]
[ICCResult "White checkmated"]
[WhiteElo "1469"]
[BlackElo "1699"]
[Opening "Sicilian: accelerated fianchetto, modern variation"]
[ECO "B73"]
[NIC "SI.33"]
[Time "11:02:46"]
[PlyCount "128"]
[TimeControl "4500+10"]

1. e4 c5 2. Nf3 Nc6 3. d4 cxd4 4. Nxd4 g6 5. Nc3 Bg7 6. Be3 Nf6 7. Be2 O-O
8. O-O d6 9. f4 Qb6 10. Kh1 Bd7 11. Nxc6 Qxc6 12. Bb5 Qc7 13. Bxd7 Qxd7 14.
Qf3 Ng4 15. Bd2 f5 16. h3 Nh6 17. Rae1 Rac8 18. Qd3 e6 19. e5 Rfd8 20. Rf2
dxe5 21. Qxd7 Rxd7 22. fxe5 Nf7 23. Bf4 Rcd8 24. Rfe2 Bf8 25. a3 h6 26. Bg3
Rd2 27. Nb5 Rxe2 28. Rxe2 Rd1+ 29. Kh2 a6 30. Nc3 Rd7 31. b4 Nd8 32. Bf2
Nc6 33. b5 Nd4 34. Bxd4 Rxd4 35. Nb1 axb5 36. Re3 Rd5 37. Rb3 Rxe5 38. Nc3
Bd6 39. Kg1 Re3 40. Nxb5 Rxb3 41. cxb3 Bc5+ 42. Kf1 Kg7 43. b4 Be7 44. Nd4
Kf6 45. Nc2 Ke5 46. a4 Kd5 47. b5 Kc4 48. Ke2 Kb3 49. Kd3 Kxa4 50. Kd4 Kxb5
51. Ke5 Kc4 52. Kxe6 Bc5 53. Ne1 Bf2 54. Nf3 b5 55. Kf6 b4 56. Kxg6 Kc3 57.
Kxf5 b3 58. g4 b2 59. Kg6 Be3 60. g5 b1=Q+ 61. Kh5 Qd1 62. Kh4 Qxf3 63.
gxh6 Qf4+ 64. Kh5 Qg5# { White checkmated } 0-1

[Event "ICC tourney 2264 (75 10)"]
[Site "Internet Chess Club"]
[Date "2021.01.02"]
[Round "1"]
[White "tcrgm"]
[Black "CheddarCheng1"]
[Result "1-0"]
[ICCResult "Black resigns"]
[WhiteElo "1587"]
[BlackElo "1424"]
[Opening "Two knights defense (Modern bishop's opening)"]
[ECO "C55"]
[NIC "IG.01"]
[Time "11:02:46"]
[PlyCount "57"]
[TimeControl "4500+10"]

1. e4 e5 2. Nf3 Nc6 3. Bc4 Nf6 4. d3 d6 5. Nc3 Be7 6. h3 O-O 7. O-O Na5 8.
Bd5 c6 9. Bb3 Nxb3 10. axb3 Qc7 11. Bg5 h6 12. Be3 d5 13. exd5 cxd5 14. Nb5
Qd7 15. c4 Qf5 16. Nc7 d4 17. Nxa8 dxe3 18. Nc7 exf2+ 19. Kh1 e4 20. Nd5
Nxd5 21. dxe4 Qh5 22. Qxd5 Qg6 23. Rxf2 Rd8 24. Qe5 Bd6 25. Qc3 Qg3 26. Rd2
Bxh3 27. gxh3 Qxh3+ 28. Nh2 Qh4 29. Qf3 { Black resigns } 1-0

[Event "ICC tourney 2264 (75 10)"]
[Site "Internet Chess Club"]
[Date "2021.01.02"]
[Round "1"]
[White "sujay2010"]
[Black "Davide25"]
[Result "0-1"]
[ICCResult "White resigns"]
[WhiteElo "1345"]
[BlackElo "1539"]
[Opening "Queen's pawn: London system"]
[ECO "A45"]
[NIC "QP.07"]
[Time "11:02:08"]
[PlyCount "112"]
[TimeControl "4500+10"]

1. d4 Nf6 2. Bf4 e6 3. e3 d5 4. Bd3 c5 5. c3 Nc6 6. Nd2 Be7 7. h3 cxd4 8.
exd4 h6 9. Ngf3 O-O 10. O-O Bd6 11. Bxd6 Qxd6 12. Re1 Bd7 13. Ne5 Rfc8 14.
Nb3 b6 15. Rc1 a5 16. Bb5 Nd8 17. Nxd7 Nxd7 18. Qf3 Nc6 19. c4 a4 20. c5
Qb8 21. Bxc6 Rxc6 22. cxb6 Rxb6 23. Nc5 Nxc5 24. dxc5 Rxb2 25. Qa3 Rb5 26.
c6 Qc7 27. Re2 Rb6 28. Rec2 Raa6 29. Qc5 Rxc6 30. Qxc6 Rxc6 31. Rxc6 Qa5
32. Rc8+ Kh7 33. R8c7 Kg6 34. R7c5 Qd2 35. R5c2 Qb4 36. Rd1 d4 37. Rcd2 e5
38. Kf1 Qc4+ 39. Kg1 f6 40. Rd3 Qxa2 41. R3d2 Qb3 42. Rd3 Qb4 43. f4 a3 44.
Ra1 e4 45. Rdxa3 d3 46. Ra4 Qc5+ 47. Kh1 Qe3 48. f5+ Kxf5 49. R4a3 Kg6 50.
Rb1 Qf2 51. Raa1 d2 52. Rf1 Qe2 53. Rad1 e3 54. Kg1 Qxd1 55. Rxd1 e2 56.
Rxd2 e1=Q+ { White resigns } 0-1

[Event "ICC tourney 2264 (75 10)"]
[Site "Internet Chess Club"]
[Date "2021.01.02"]
[Round "1"]
[White "Anushkaa"]
[Black "pusheen2019"]
[Result "0-1"]
[ICCResult "White checkmated"]
[WhiteElo "1281"]
[BlackElo "1499"]
[Opening "French: advance, Paulsen attack"]
[ECO "C02"]
[NIC "FR.03"]
[Time "11:02:00"]
[PlyCount "92"]
[TimeControl "4500+10"]

1. e4 e6 2. d4 d5 3. e5 c5 4. c3 Nc6 5. Nf3 Qb6 6. b3 Nh6 7. Be3 Nf5 8. Be2
Be7 9. O-O h6 10. dxc5 Bxc5 11. Bxc5 Qxc5 12. Bd3 Nce7 13. Be2 g5 14. Qd3
Bd7 15. Nd4 Qc7 16. Nf3 Ng6 17. Nbd2 Nf4 18. Qc2 Nxe2+ 19. Kh1 Nf4 20. Rfe1
g4 21. Ng1 h5 22. g3 Ng6 23. f4 gxf3 24. Ngxf3 Bc6 25. Nd4 Nxd4 26. cxd4
Rc8 27. Qd3 Qe7 28. Qf3 Qg5 29. Rad1 h4 30. g4 h3 31. Rf1 Rc7 32. Rg1 Rh4
33. Qg3 Bb5 34. Nf3 Qh6 35. Nxh4 Qxh4 36. Qxh4 Nxh4 37. Rg3 Be2 38. Ra1
Bf3+ 39. Kg1 Bg2 40. Rd3 Rc2 41. a4 Nf3+ 42. Rxf3 Bxf3 43. Kf1 Rxh2 44. Re1
Rg2 45. Re3 h2 46. Rxf3 h1=Q# { White checkmated } 0-1

[Event "ICC tourney 2264 (75 10)"]
[Site "Internet Chess Club"]
[Date "2021.01.02"]
[Round "1"]
[White "ChemStud24"]
[Black "StevChess01"]
[Result "0-1"]
[ICCResult "White resigns"]
[WhiteElo "1434"]
[BlackElo "1632"]
[Opening "Sicilian: O'Kelly variation"]
[ECO "B28"]
[NIC "SI.43"]
[Time "11:01:53"]
[PlyCount "130"]
[TimeControl "4500+10"]

1. e4 c5 2. Nf3 a6 3. d4 cxd4 4. Nxd4 Nf6 5. Nc3 e5 6. Nb3 Bb4 7. Bd2 d6 8.
Bd3 Bg4 9. f3 Be6 10. O-O Nbd7 11. Ne2 Bxd2 12. Qxd2 O-O 13. Rad1 Nc5 14.
Nxc5 dxc5 15. c4 Qe7 16. Nc3 Rfd8 17. Nd5 Bxd5 18. cxd5 Ne8 19. a4 Rac8 20.
b3 Nd6 21. Rc1 Rc7 22. f4 f6 23. fxe5 fxe5 24. Rc2 Rdc8 25. Rfc1 Ne8 26.
Bc4 Nd6 27. Qe2 g6 28. Bd3 Kg7 29. Qe3 Ne8 30. Be2 Nf6 31. Rd1 Qd6 32. g4
Nd7 33. g5 a5 34. Rdc1 b6 35. Bg4 Rf8 36. Rf2 Rxf2 37. Qxf2 Nf8 38. Qe2 Rf7
39. Rf1 Rxf1+ 40. Qxf1 h5 41. gxh6+ Kxh6 42. Qc1+ Kg7 43. h4 Nh7 44. h5 Nf6
45. Bf3 gxh5 46. Qg5+ Kf7 47. Bxh5+ Ke7 48. Qg7+ Kd8 49. Bg6 Qe7 50. Qxe7+
Kxe7 51. Kf2 Nd7 52. Kg3 Kd6 53. Bf5 Nf6 54. Kh4 Ke7 55. Kg5 Ne8 56. Bg4
Nd6 57. Bf5 c4 58. bxc4 Nxc4 59. Bc8 Nb2 60. Kf5 Kd6 61. Ba6 Nxa4 62. Bb5
Nc3 63. Bc4 a4 64. Kg4 b5 65. Bd3 a3 { White resigns } 0-1

[Event "ICC tourney 2264 (75 10)"]
[Site "Internet Chess Club"]
[Date "2021.01.02"]
[Round "2"]
[White "yogokings12"]
[Black "Hamlett144"]
[Result "1-0"]
[ICCResult "Black resigns"]
[WhiteElo "1573"]
[BlackElo "1452"]
[Opening "Owen defense"]
[ECO "B00"]
[NIC "VO.01"]
[Time "14:31:59"]
[PlyCount "55"]
[TimeControl "4500+10"]

1. e4 b6 2. d4 e6 3. Nf3 Bb7 4. Bd3 Nf6 5. Bg5 h6 6. Bxf6 Qxf6 7. O-O g5 8.
e5 Qg7 9. Qe2 Be7 10. Be4 Nc6 11. c3 g4 12. Nfd2 h5 13. f3 g3 14. h3 h4 15.
a4 a5 16. Na3 Bxa3 17. Rxa3 Ba6 18. Bd3 Bb7 19. Ne4 O-O-O 20. Ba6 Rh6 21.
Raa1 Ne7 22. b4 Ng6 23. bxa5 Nf4 24. Bxb7+ Kxb7 25. Qb5 Nd5 26. axb6 c6 27.
Nd6+ Kb8 28. Qa6 { Black resigns } 1-0

[Event "ICC tourney 2264 (75 10)"]
[Site "Internet Chess Club"]
[Date "2021.01.02"]
[Round "2"]
[White "andrewj508"]
[Black "KingRayfish"]
[Result "0-1"]
[ICCResult "White checkmated"]
[WhiteElo "1256"]
[BlackElo "1469"]
[Opening "Queen's pawn: London system"]
[ECO "D82"]
[NIC "QP.07"]
[Time "14:31:57"]
[PlyCount "110"]
[TimeControl "4500+10"]

1. d4 Nf6 2. Bf4 g6 3. e3 d5 4. c4 Bg7 5. Nc3 c6 6. Nf3 O-O 7. Be2 Nbd7 8.
O-O Re8 9. Bg3 Nh5 10. cxd5 Nxg3 11. hxg3 cxd5 12. Nxd5 b6 13. Rc1 Rb8 14.
Bc4 Bb7 15. Bb3 Bxd5 16. Bxd5 e5 17. dxe5 Nxe5 18. Bb3 Nxf3+ 19. Qxf3 Bxb2
20. Rb1 Bf6 21. Rfd1 Qe7 22. Rd3 Red8 23. Rbd1 Rxd3 24. Rxd3 Rd8 25. Rd5
Rxd5 26. Qxd5 Kg7 27. Kh2 Be5 28. f4 Bf6 29. e4 Bb2 30. e5 Ba3 31. Kh3 h5
32. g4 hxg4+ 33. Kxg4 Bc5 34. Kh3 Bf2 35. g3 Bc5 36. Kg2 a5 37. Kf3 b5 38.
a4 bxa4 39. Bxa4 Bb4 40. Bb3 Be1 41. g4 Qa7 42. Ke4 Bf2 43. Qd3 a4 44. Ba2
a3 45. Kf3 Bg1 46. Ke4 Qc5 47. Kf3 Qf2+ 48. Ke4 Qxa2 49. f5 Qg2+ 50. Kf4
Bh2+ 51. Kg5 a2 52. f6+ Kh7 53. Qd7 Bf4+ 54. Kxf4 Qh2+ 55. Kg5 Qh6# { White
checkmated } 0-1

[Event "ICC tourney 2264 (75 10)"]
[Site "Internet Chess Club"]
[Date "2021.01.02"]
[Round "2"]
[White "Beast908"]
[Black "nextelitekid"]
[Result "0-1"]
[ICCResult "White resigns"]
[WhiteElo "1367"]
[BlackElo "1561"]
[Opening "Giuoco Piano"]
[ECO "C54"]
[NIC "IG.02"]
[Time "14:31:52"]
[PlyCount "98"]
[TimeControl "4500+10"]

1. e4 e5 2. Nf3 Nc6 3. Bc4 Bc5 4. c3 Nf6 5. d4 exd4 6. cxd4 Bb4+ 7. Bd2
Nxe4 8. Bxb4 Nxb4 9. Bxf7+ Kxf7 10. Ne5+ Ke8 11. Qb3 Qe7 12. O-O Rf8 13. f3
Nf6 14. Re1 Kd8 15. Nc6+ Nxc6 16. Rxe7 Kxe7 17. Qe3+ Kd8 18. Nc3 d6 19. Re1
Re8 20. Qd2 Rxe1+ 21. Qxe1 Nxd4 22. Qe3 Nc6 23. Qg5 Be6 24. Qxg7 Ne8 25.
Qg5+ Kd7 26. Ne4 Bxa2 27. Nf6+ Nxf6 28. Qxf6 Re8 29. Qf7+ Re7 30. Qf5+ Be6
31. Qd3 Ne5 32. Qb5+ Nc6 33. Qxb7 Bd5 34. Qb5 Be6 35. Kf2 Re8 36. Qd3 Ne5
37. Qxh7+ Re7 38. Qe4 Nc6 39. Qh4 d5 40. g4 d4 41. Qf6 Bc4 42. g5 d3 43.
Qf5+ Kd6 44. Qf4+ Kc5 45. Qf5+ Re5 46. Qf8+ Kb5 47. Qf4 Re2+ 48. Kf1 d2 49.
Qf5+ Re5+ { White resigns } 0-1

[Event "ICC tourney 2264 (75 10)"]
[Site "Internet Chess Club"]
[Date "2021.01.02"]
[Round "2"]
[White "CheddarCheng1"]
[Black "trucker"]
[Result "0-1"]
[ICCResult "White checkmated"]
[WhiteElo "1424"]
[BlackElo "1642"]
[Opening "Giuoco Piano"]
[ECO "C50"]
[NIC "IG.02"]
[Time "14:32:02"]
[PlyCount "52"]
[TimeControl "4500+10"]

1. e4 e5 2. Nf3 Nc6 3. Bc4 Bc5 4. O-O Nf6 5. d3 d6 6. c3 O-O 7. b4 Bb6 8.
Bg5 h6 9. Bh4 a5 10. b5 Nb8 11. a4 Nbd7 12. Nbd2 Re8 13. Re1 Nf8 14. d4 Ng6
15. Bg3 Bg4 16. Qb3 Qe7 17. Bd3 Nh5 18. h3 Bd7 19. Bh2 Nhf4 20. Bc2 Qf6 21.
Rad1 Rad8 22. Nc4 Be6 23. d5 Nxh3+ 24. Kf1 Bg4 25. gxh3 Qxf3 26. hxg4 Qxf2#
{ White checkmated } 0-1

[Event "ICC tourney 2264 (75 10)"]
[Site "Internet Chess Club"]
[Date "2021.01.02"]
[Round "2"]
[White "pusheen2019"]
[Black "AndreiKo007"]
[Result "1-0"]
[ICCResult "Black resigns"]
[WhiteElo "1499"]
[BlackElo "1695"]
[Opening "two knights: Max Lange attack"]
[ECO "C50"]
[NIC "IG.02"]
[Time "14:32:04"]
[PlyCount "39"]
[TimeControl "4500+10"]

1. e4 e5 2. Nf3 Nc6 3. Bc4 Bc5 4. O-O Nf6 5. d4 exd4 6. e5 Ng8 7. Bf4 Nge7
8. Ng5 O-O 9. Qh5 h6 10. Nxf7 Rxf7 11. Bxf7+ Kf8 12. Bb3 Qe8 13. Qf3 Qg6
14. Bxh6+ Ke8 15. Bf4 b6 16. Re1 Nf5 17. e6 Bb7 18. exd7+ Kxd7 19. Be6+ Kd8
20. Bxf5 { Black resigns } 1-0

[Event "ICC tourney 2264 (75 10)"]
[Site "Internet Chess Club"]
[Date "2021.01.02"]
[Round "2"]
[White "handsomematch"]
[Black "GPWKnight"]
[Result "0-1"]
[ICCResult "White resigns"]
[WhiteElo "1303"]
[BlackElo "1471"]
[Opening "French: Fort Knox variation"]
[ECO "C03"]
[NIC "FR.07"]
[Time "14:32:00"]
[PlyCount "62"]
[TimeControl "4500+10"]

1. e4 e6 2. d4 d5 3. Nd2 dxe4 4. Nxe4 Bd7 5. Nf3 Bc6 6. Bd3 Nd7 7. O-O Ngf6
8. Bg5 Be7 9. Bxf6 Bxf6 10. c3 Be7 11. Re1 h6 12. Qc2 Bxe4 13. Bxe4 c6 14.
Re2 Qc7 15. Rae1 O-O-O 16. b4 g5 17. a4 g4 18. Ne5 Nxe5 19. dxe5 Qd7 20. c4
Bxb4 21. Rb1 a5 22. c5 Qd4 23. Rc1 Qxc5 24. Qxc5 Bxc5 25. Rec2 Bb4 26. Rc4
Rd2 27. Bb1 Rhd8 28. Bc2 R8d4 29. Rxd4 Rxd4 30. g3 Rc4 31. Kf1 Bd2 { White
resigns } 0-1